 Dungeon Crawl Stone Soup version 0.28-a0-906-g0406aca7d3 (webtiles) character file.

Game seed: 5932887654918088103

104 Crownlay the Magician (level 4, -10/32 HPs)
             Began as a Gnoll Hedge Wizard on Nov 23, 2021.
             Mangled by an ice beast (13 damage)
             ... on level 3 of the Dungeon.
             The game lasted 00:05:16 (3716 turns).

Crownlay the Magician (Gnoll Hedge Wizard)          Turns: 3716, Time: 00:05:17

Health: -10/32     AC:  3    Str: 10    XL:     4   Next: 80%
Magic:  13/13      EV: 13    Int: 14    God:
Gold:   172        SH:  0    Dex: 11    Spells: 13/17 levels left

rFire   . . .      SeeInvis .   n - +0 spear (venom)
rCold   . . .      Faith    .   (no shield)
rNeg    . . .      Spirit   .   b - +0 robe
rPois   .          Reflect  .   c - +0 hat
rElec   .          Harm     .   (no cloak)
rCorr   .          Rampage  .   h - +0 pair of gloves
Will    .....                   (no boots)
Stlth   ++........              (no amulet)
HPRegen 0.10/turn               (no ring)
MPRegen 0.13/turn               (no ring)

@: no status effects
A: fangs 1, strong nose, distributed training
a: no special abilities


You were on level 3 of the Dungeon.
You visited 1 branch of the dungeon, and saw 3 of its levels.

You collected 172 gold pieces.

Inventory:

Hand Weapons
 n - a +0 spear of venom (weapon)
Missiles
 l - a throwing net
Armour
 b - a +0 robe (worn)
 c - a +0 hat (worn)
 h - a +0 pair of gloves (worn)
Jewellery
 j - a ring of fire
Wands
 i - a wand of digging (6)
Scrolls
 a - a scroll of immolation
 e - a scroll of identify
Potions
 d - 2 potions of curing
 f - a potion of invisibility {unknown}
 g - a potion of cancellation {unknown}
 k - a potion of attraction {unknown}
 m - 2 potions of ambrosia {unknown}
 o - a potion of flight {unknown}


   Skills:
 + Level 1.2 Fighting
 + Level 1.2 Short Blades
 + Level 1.2 Long Blades
 + Level 1.2 Axes
 + Level 1.2 Maces & Flails
 + Level 1.2 Polearms
 + Level 1.2 Staves
 + Level 1.2 Slings
 + Level 1.2 Bows
 + Level 1.2 Crossbows
 + Level 1.2 Throwing
 + Level 1.2 Armour
 + Level 4.7 Dodging
 + Level 4.3 Stealth
 + Level 1.2 Shields
 + Level 1.2 Unarmed Combat
 + Level 7.2 Spellcasting
 + Level 2.3 Conjurations
 + Level 1.0 Hexes
 + Level 2.3 Summonings
 + Level 1.0 Necromancy
 + Level 2.3 Translocations
 + Level 1.0 Transmutations
 + Level 1.0 Fire Magic
 + Level 1.0 Ice Magic
 + Level 1.0 Air Magic
 + Level 1.0 Earth Magic
 + Level 1.0 Poison Magic
 + Level 1.3 Invocations
 + Level 1.2 Evocations


You had 13 spell levels left.
You knew the following spells:

 Your Spells              Type           Power      Damage    Failure   Level
a - Magic Dart            Conj           44%        1d5       5%          1
b - Tukima's Dance        Hex            7%         N/A       26%         3

Your spell library contained the following spells:

 Spells                   Type           Power      Damage    Failure   Level
 Slow                     Hex            28%        N/A       9%          1
 Blink                    Tloc           22%        N/A       9%          2
 Call Imp                 Summ           11%        N/A       9%          2
 Static Discharge         Conj/Air       9%         N/A       11%         2
 Conjure Flame            Conj/Fire      9%         6-21      22%         3
 Mephitic Cloud           Conj/Pois/Air  9%         N/A       22%         3
 Ozocubu's Armour         Ice            7%         N/A       26%         3
 Passage of Golubria      Tloc           11%        N/A       47%         4
 Animate Armour           Summ/Erth      18%        N/A       56%         4
 Lightning Bolt           Conj/Air       4%         1d16      89%         5
 Blade Hands              Tmut           3%         N/A       94%         5
 Metabolic Englaciation   Hex/Ice        3%         N/A       94%         5
 Yara's Violent Unravell  Hex/Tmut       3%         3d4       94%         5
 Iron Shot                Conj/Erth      4%         9d2       100%        6
 Simulacrum               Ice/Necr       3%         N/A       100%        6
 Maxwell's Capacitive Co  Air            3%         ∞         100%        8


Dungeon Overview and Level Annotations

Branches:
Dungeon (3/15)

Altars:
Uskayaw
Vehumet
Xom
Yredelemnul


Innate Abilities, Weirdness & Mutations

You have very sharp teeth.
Your uncanny sense of smell can sniff out nearby items.
Your experience applies equally to all skills.


Message History

You hit the ice beast but do no damage.
The ice beast is lightly wounded.
The ice beast barely misses you.
You barely miss the ice beast.
You bite the ice beast, but do no damage.
The ice beast is lightly wounded.
The ice beast completely misses you.
You hit the ice beast.
You bite the ice beast, but do no damage.
The ice beast is lightly wounded.
The ice beast hits you. The ice beast freezes you!
You hit the ice beast but do no damage.
The ice beast is lightly wounded.
The ice beast misses you.
You closely miss the ice beast.
The ice beast is lightly wounded.
The ice beast barely misses you.
You hit the ice beast but do no damage.
The ice beast is poisoned.
The ice beast is lightly wounded.
The ice beast hits you. The ice beast freezes you!
* * * LOW HITPOINT WARNING * * *
You closely miss the ice beast.
You bite the ice beast, but do no damage.
The ice beast is lightly wounded.
The ice beast hits you but does no damage.
The ice beast misses you.
You barely miss the ice beast.
The ice beast is moderately wounded.
The ice beast closely misses you.
The ice beast looks more healthy.
You hit the ice beast but do no damage.
The ice beast is heavily wounded.
The ice beast hits you but does no damage.
The ice beast barely misses you.
There is an open door here.
There is an open door here.
The ice beast hits you.
* * * LOW HITPOINT WARNING * * *
The ice beast freezes you!
You die...

≈≈._#..#########.#.............♣♣
....#..# #.########.####...
≈≈≈.##.##### #.##_..._###......
######.....# #.##≈#'#≈###......
...........# #.####.###......#.
.......)...# #.#.#...#######.#.
.)......#### #.#.#.#.......#.#.
)........# #.#.#.######..#.#.
.......#.### #@#.#.# #..#.#.
######.....# ##Y#.#'## #.##.#(
#########..# #.......# #....#.
......##...# #.......###########
...........# #...............†..
^......#...####.......###########
###....#...........)..#
.......#.#.####..#'####
.......#.#..###..#.#


You could see an ice beast.

Vanquished Creatures
  2 adders (D:2)
  A gnoll (D:3)
  6 orcs
  5 bats
  An endoplasm (D:3)
  4 giant cockroaches
  2 goblins (D:2)
  2 hobgoblins (D:1)
  9 kobolds
  3 quokkas
  4 ball pythons
  A frilled lizard (D:1)
  A quokka skeleton (D:2)
  6 rats
47 creatures vanquished.

Vanquished Creatures (collateral kills)
  2 gnolls (D:3)
  An orc (D:3)
3 creatures vanquished.

Vanquished Creatures (others)
  5 toadstools (D:1)
5 creatures vanquished.

Grand Total: 55 creatures vanquished

Notes
Turn   | Place    | Note
-------+----------+-------------------------------------------
     0 | D:1      | Crownlay the Gnoll Hedge Wizard began the quest for the
                  | Orb.
     0 | D:1      | Reached XP level 1. HP: 13/13 MP: 8/8
   197 | D:1      | Found a faded altar of an unknown god.
   373 | D:1      | Reached XP level 2. HP: 19/19 MP: 5/10
  1436 | D:2      | Reached XP level 3. HP: 25/25 MP: 7/11
  1753 | D:2      | Reached skill level 1 in Invocations
  2245 | D:2      | Reached skill level 1 in Fighting
  2245 | D:2      | Reached skill level 1 in Short Blades
  2245 | D:2      | Reached skill level 1 in Long Blades
  2245 | D:2      | Reached skill level 1 in Axes
  2245 | D:2      | Reached skill level 1 in Maces & Flails
  2245 | D:2      | Reached skill level 1 in Polearms
  2245 | D:2      | Reached skill level 1 in Staves
  2245 | D:2      | Reached skill level 1 in Slings
  2245 | D:2      | Reached skill level 1 in Bows
  2245 | D:2      | Reached skill level 1 in Crossbows
  2245 | D:2      | Reached skill level 1 in Throwing
  2245 | D:2      | Reached skill level 1 in Armour
  2245 | D:2      | Reached skill level 1 in Shields
  2245 | D:2      | Reached skill level 1 in Unarmed Combat
  2245 | D:2      | Reached skill level 1 in Evocations
  2245 | D:2      | Reached XP level 4. HP: 32/32 MP: 9/13
  2493 | D:3      | Learned a level 3 spell: Tukima's Dance
  2497 | D:3      | Found a basalt altar of Yredelemnul.
  2640 | D:3      | Found a hide-covered altar of Uskayaw.
  2888 | D:3      | Reached skill level 1 in Hexes
  2888 | D:3      | Reached skill level 1 in Necromancy
  2888 | D:3      | Reached skill level 1 in Transmutations
  2888 | D:3      | Reached skill level 1 in Fire Magic
  2888 | D:3      | Reached skill level 1 in Ice Magic
  2888 | D:3      | Reached skill level 1 in Air Magic
  2888 | D:3      | Reached skill level 1 in Earth Magic
  2888 | D:3      | Reached skill level 1 in Poison Magic
  3117 | D:3      | Found a shimmering altar of Xom.
  3117 | D:3      | Found a radiant altar of Vehumet.
  3217 | D:3      | Noticed an ice beast
  3716 | D:3      | Mangled by an ice beast

Illustrated notes

Levels and vault maps discovered:
D:1:      ldierk_walled_garden, layout_loops_corners,
          dreamdust_ecumenical_altar_grove
D:2:      layout_loops_ring, dk_noncrumbling_4
D:3:      layout_basic, nicolae_uskayaw_suspiria,
          mainiacjoe_overflow_small_starburst,
          gammafunk_temple_overflow_elements, minmay_puff

Skill      XL: |  1  2  3  4 |
---------------+-------------+-----
Conjurations   | 2 |  2.3
Summonings     | 2 |  2.3
Translocations | 2 |  2.3
Invocations    | 1 |  1.3
Fighting       | 1 |  1.2
Short Blades   | 1 |  1.2
Long Blades    | 1 |  1.2
Axes           | 1 |  1.2
Maces & Flails | 1 |  1.2
Polearms       | 1 |  1.2
Staves         | 1 |  1.2
Slings         | 1 |  1.2
Bows           | 1 |  1.2
Crossbows      | 1 |  1.2
Throwing       | 1 |  1.2
Armour         | 1 |  1.2
Shields        | 1 |  1.2
Unarmed Combat | 1 |  1.2
Evocations     | 1 |  1.2
Hexes          | 1 |  1.0
Necromancy     | 1 |  1.0
Transmutations | 1 |  1.0
Fire Magic     | 1 |  1.0
Ice Magic      | 1 |  1.0
Air Magic      | 1 |  1.0
Earth Magic    | 1 |  1.0
Poison Magic   | 1 |  1.0
Dodging        | |  4.7
Stealth        | |  4.3
Spellcasting   | |  7.2

Action                   |  1- 3 |  4- 6 || total
-------------------------+-------+-------++-------
Melee: Dagger            |       |    27 ||    27
       Spear             |       |    13 ||    13
       Bite              |       |     4 ||     4
 Cast: Magic Dart        |    81 |    43 ||   124
       Tukima's Dance    |       |     2 ||     2
  Use: Scroll            |       |     2 ||     2
Armor: Robe              |     1 |    12 ||    13
Dodge: Dodged            |     1 |    30 ||    31

Table legend: (Time is in decaauts)
 A = Elapsed time spent in this place.
 B = Non-inter-level travel time spent in this place.
 C = Inter-level travel time spent in this place.
 D = Time resting spent in this place.
 E = Time spent auto-exploring this place.
 F = Levels seen in this place.
 G = Mean time per level.
                   A        B        C        D        E       F      G
               +--------+--------+--------+--------+--------+-----+--------+
         Total |   3714 |   3586 |    128 |      0 |   3177 |   3 | 1238.0 |
       Dungeon |   3714 |   3586 |    128 |      0 |   3177 |   3 | 1238.0 |
               +--------+--------+--------+--------+--------+-----+--------+

Top non-repeatable levels by time:
     D:1: 1356 daAuts
     D:3: 1227 daAuts
     D:2: 1130 daAuts
